 Dungeon Crawl Stone Soup version 0.25.0-37-gb73750e0fb (webtiles) character file.

Game seed: 15485942985802058385

686 Peloso the Skirmisher (level 7, -2/58 (61) HPs)
             Began as a Ghoul Fighter on July 9, 2020.
             Shot with an arrow by a centaur (10 damage)
             ... on level 6 of the Dungeon.
             The game lasted 00:09:34 (5597 turns).

Peloso the Skirmisher (Ghoul Fighter)               Turns: 5597, Time: 00:09:34

HP:   -2/58 (61)    AC:  9    Str: 20    XL:     7   Next: 62%
MP:   6/6           EV: 20    Int:  3    God:
Gold: 183           SH:  9    Dex: 10    Spells: 6/6 levels left

rFire    . . .     SeeInvis .   a - +0 long sword
rCold    + . .     Gourm    .   c - +0 kite shield
rNeg     + + +     Faith    .   n - +0 chain mail
rPois    ∞         Spirit   .   (no helmet)
rElec    .         Reflect  .   (no cloak)
rCorr    .         Harm     .   (no gloves)
MR       .....                  (no boots)
Stlth    ..........             m - amulet of the acrobat
HPRegen  0.00/turn              (no ring)
MPRegen  0.10/turn              w - ring of stealth

@: acrobat, rotting
A: rotting body, claws 1, carnivore, cold resistance 1, negative energy
resistance 3, inhibited regeneration, torment resistance, unbreathing
a: no special abilities


You were on level 6 of the Dungeon.
You were not hungry.

You visited 1 branch of the dungeon, and saw 6 of its levels.

You collected 222 gold pieces.
You spent 39 gold pieces at shops.

Inventory:

Hand Weapons
 a - a +0 long sword (weapon)
Armour
 b - a +0 scale mail
 c - a +0 kite shield (worn)
 n - a +0 chain mail (worn)
Jewellery
 m - an amulet of the acrobat (around neck)
 q - an uncursed ring of resist corrosion {unknown}
 w - a ring of stealth (right claw)
 y - an uncursed ring of resist corrosion {unknown}
Wands
 B - a wand of enslavement (10)
Scrolls
 e - 4 scrolls of remove curse
 i - 4 scrolls of teleportation {unknown}
 k - 5 scrolls of identify {unknown}
 l - 3 scrolls of magic mapping {unknown}
 o - 3 scrolls of enchant weapon {unknown}
 r - a scroll of random uselessness {unknown}
 s - a scroll of amnesia {unknown}
 u - a scroll of immolation {unknown}
 x - a scroll of noise {unknown}
Potions
 g - a potion of degeneration {unknown}
 h - 2 potions of stabbing
 j - 2 potions of lignification {unknown}
 p - a potion of heal wounds
 t - 2 potions of flight {unknown}
 v - a potion of mutation {unknown}
 z - a potion of brilliance {unknown}
 A - a potion of curing
Comestibles
 f - 6 rations


   Skills:
 + Level 5.0 Fighting
 + Level 4.5 Long Blades
 + Level 4.4 Armour
 + Level 0.7 Dodging
 + Level 0.4 Stealth
 + Level 4.3 Shields


You had 6 spell levels left.
You didn't know any spells.
Your spell library was empty.

Dungeon Overview and Level Annotations

Branches:
Dungeon (6/15)
 Temple: D:4-7

Altars:
Ashenzari
Fedhas
Qazlal
Ru

Shops:
D:5 !


Innate Abilities, Weirdness & Mutations

Your body is rotting away.
You thrive on raw meat.
You are immune to poison.
You have sharp fingernails.
You are carnivorous and can eat meat at any time.
Your flesh is cold resistant. (rC+)
You are immune to negative energy. (rN+++)
You do not regenerate when monsters are visible.
You are immune to unholy pain and torment.
You can survive without breathing.


Message History

You block the wight's attack.
You hit the wight.
The wight is almost destroyed.
You block the wight's attack.
You hit the wight but do no damage.
The wight is almost destroyed.
The wight hits you with a +0 halberd.
* * * LOW HITPOINT WARNING * * *
You hit the wight.
You destroy the wight!
Things that are here:
a +0 halberd; a +0 robe You start resting.
A centaur comes into view.
The centaur shouts!
The centaur wields a +0 shortbow.
The centaur shoots an arrow.
The arrow barely misses you.
You see here an arrow.
The centaur shoots an arrow.
The arrow hits you!
You die...

### ###@# .
#######..(### ..
.#........)..##...
..................
....c..#.#.#......
.#...#.#..$.......
#.........##.....
#........÷.+.....
#.###......#.....


You could see a centaur.

Vanquished Creatures
  Eustachio (D:4)
  A bullfrog (D:6)
  3 wights
  A howler monkey (D:6)
  A bullfrog zombie (D:5)
  3 hounds
  An iguana (D:5)
  3 gnolls (D:3)
  7 adders
  3 adder skeletons
  4 dart slugs (D:1)
  4 orcs
  A ball python (D:2)
  8 bats
  11 goblins
  5 hobgoblins
  5 jackals
  3 quokkas
  2 frilled lizards
  6 kobolds
  3 rats
76 creatures vanquished.

Notes
Turn   | Place    | Note
-------+----------+-------------------------------------------
     0 | D:1      | Peloso the Ghoul Fighter began the quest for the Orb.
     0 | D:1      | Reached XP level 1. HP: 19/19 MP: 0/0
   134 | D:1      | Reached XP level 2. HP: 26/26 MP: 1/1
   414 | D:1      | Reached XP level 3. HP: 25/31 MP: 2/2
  1225 | D:2      | Found a stormy altar of Qazlal.
  1623 | D:3      | Reached XP level 4. HP: 30/40 MP: 3/3
  1788 | D:3      | Reached skill level 4 in Fighting
  2015 | D:3      | Reached XP level 5. HP: 46/46 MP: 4/4
  2189 | D:3      | Found a sacrificial altar of Ru.
  2477 | D:3      | You fall into a shaft and drop 1 floor!
  2601 | D:4      | Found a blossoming altar of Fedhas.
  2968 | D:4      | Noticed Eustachio
  3056 | D:4      | Killed Eustachio
  3056 | D:4      | Reached XP level 6. HP: 9/53 MP: 5/5
  4180 | D:5      | Entered Level 5 of the Dungeon
  4501 | D:5      | Found Roram Ufey's Distillery.
  4508 | D:5      | Bought a potion of curing for 39 gold pieces
  4630 | D:5      | Found a shattered altar of Ashenzari.
  5229 | D:6      | Reached XP level 7. HP: 47/55 MP: 6/6
  5559 | D:5      | Reached skill level 5 in Fighting
  5597 | D:6      | Shot with an arrow by a centaur

Illustrated notes

Levels and vault maps discovered:
D:1:      psy_arrival_statuary, layout_loops_ring
D:2:      layout_loops_cross, lemuel_round_altar
D:3:      layout_basic, old_standard_altar
D:4:      layout_loops_corners, fedhas_altar_2, first_ration, minmay_puff,
          uniq_eustachio
D:5:      layout_loops_ring, lemuel_doored_altar, serial_shops,
          nicolae_shop_stone, chequers_serial_rivers_micro_b
D:6:      minmay_bubble_buster, layout_basic, gammafunk_temple_overflow_pools

Skill      XL: |  1  2  3  4  5  6  7 |
---------------+----------------------+-----
Armour         | 3 4 |  4.4
Shields        | 3 4 |  4.3
Long Blades    | 2 3 4 |  4.5
Fighting       | 4 5 |  5.0
Dodging        | |  0.7
Stealth        | |  0.4

Action                   |  1- 3 |  4- 6 |  7- 9 || total
-------------------------+-------+-------+-------++-------
Melee: Long sword        |   120 |   240 |    55 ||   415
  Use: Potion            |       |     3 |     1 ||     4
       Scroll            |       |     1 |       ||     1
  Eat: Chunk             |     2 |    13 |     3 ||    18
Armor: Scale mail        |    51 |       |       ||    51
       Chain mail        |    22 |   139 |    24 ||   185
Dodge: Dodged            |    55 |    64 |    14 ||   133
Block: Kite shield       |    61 |   127 |    23 ||   211
       Rpst.: Long sword |    16 |    16 |     5 ||    37
